 Dungeon Crawl Stone Soup version 0.32-a0-898-g7811c86cf0 (webtiles) character file.

Game seed: 10836065151519766588

102 Griffin23 the Covered (level 4, -1/41 HPs)
             Began as a Minotaur Fighter on Apr 4, 2024.
             Slain by Crazy Yiuf
             ... wielding a +2 quarterstaff of chaos
              (4 damage)
             ... on level 3 of the Dungeon.
             The game lasted 00:02:10 (2252 turns).

Griffin23 the Covered (Minotaur Fighter)            Turns: 2252, Time: 00:02:21

Health: -1/41      AC:  7    Str: 23    XL:     4   Next: 49%
Magic:  0/3        EV:  3    Int:  5    God:
Gold:   225        SH: 11    Dex:  9    Spells: 3/3 levels left

rFire   . . .        a - +0 long sword
rCold   . . .        k - +0 tower shield
rNeg    . . .        i - +0 plate armour
rPois   .            (helmet restricted)
rElec   .            (no cloak)
rCorr   .            (no gloves)
SInv    .            (no boots)
Will    .....        g - amulet of guardian spirit Stlth
                     (no ring)
HPRegen 0.26/turn    (no ring)
MPRegen 0.08/turn

%: guardian spirit
@: lethally poisoned (-1 -> -3), corroded
A: horns 2, retaliatory headbutt
a: no special abilities


You were on level 3 of the Dungeon.
You visited 1 branch of the dungeon, and saw 3 of its levels.

You collected 225 gold pieces.

Inventory:

Hand Weapons
 a - a +0 long sword (weapon)
Missiles
 h - 4 boomerangs (quivered)
Armour
 b - a +0 scale mail
 c - a +0 buckler
 i - a +0 plate armour (worn)
 k - a +0 tower shield (worn)
Jewellery
 g - an amulet of guardian spirit (around neck)
 t - an amulet of the acrobat
Scrolls
 j - 3 scrolls of identify {unknown}
 o - a scroll of fear {unknown}
 r - a scroll of teleportation {unknown}
Potions
 d - 3 potions of might
 e - 3 potions of degeneration {unknown}
 f - 4 potions of enlightenment {unknown}
 l - a potion of magic {unknown}
 m - a potion of berserk rage {unknown}
 n - a potion of invisibility {unknown}
 p - 2 potions of lignification {unknown}
 q - a potion of curing {unknown}
 s - a potion of attraction {unknown}
 u - a potion of haste {unknown}


   Skills:
 + Level 4.3 Fighting
 * Level 4.1 Long Blades
 + Level 4.3 Armour
 + Level 4.3 Shields


You had 3 spell levels left.
You didn't know any spells.
Your spell library was empty.

Dungeon Overview and Level Annotations

Branches:
Dungeon (3/15)

Altars:

Annotations:
D:3 Crazy Yiuf


Innate Abilities, Weirdness & Mutations

You have a pair of horns on your head.
You reflexively headbutt those who attack you in melee.


Message History

No target in view!
You see here a dragon-blood talisman.
Items here: )) [ ÷÷.
Items here: )) [ ÷÷.
Crazy Yiuf laughs, "Goldfish!
You arga ragdoll."
Could not explore, unopened runed door.
No reachable target in view!
Could not explore, unopened runed door.
No reachable target in view!
No reachable target in view!
Could not explore, unopened runed door.
No reachable target in view!
You open the door. You hit Crazy Yiuf but do no damage.
Crazy Yiuf hits you with a +2 quarterstaff of chaos!
Crazy Yiuf burns you.
You hit Crazy Yiuf but do no damage.
Crazy Yiuf screams, "Action testudinal broken!"
Crazy Yiuf hits you but does no damage.
You are poisoned.
You block Crazy Yiuf's attack.
You barely miss Crazy Yiuf. You headbutt Crazy Yiuf.
Crazy Yiuf is moderately wounded.
You feel very sick.
Crazy Yiuf says, "Spliff unthinkable sing!"
Crazy Yiuf hits you with a +2 quarterstaff of chaos.
The acid corrodes you!
You closely miss Crazy Yiuf.
Crazy Yiuf is moderately wounded.
You feel sick.
Crazy Yiuf hits you with a +2 quarterstaff of chaos!
You are electrocuted!
* * * LOW HITPOINT WARNING * * *
You hit Crazy Yiuf but do no damage.
Crazy Yiuf is moderately wounded.
* * * LOW HITPOINT WARNING * * *
You feel sick. You block Crazy Yiuf's attack.
Crazy Yiuf whimpers, "Goober meccalolo spinner!"
Crazy Yiuf hits you with a +2 quarterstaff of chaos.
You die...

#......####..#####.#.#.#
## #.....## #....#
#.#.#.# # #.....# ♣....♣
###.#.# # #.##### ♣...♣♣
###.#.###### ####.###
♣♣.♣♣ #...#.#.....
#......# ♣.♣♣
#####....... #.##.#.#
♣♣.♣ ###..... #.##.#.#
♣.♣♣ ####.# #.#..#.#
♣♣@♣ #.# #.#.##.# #g#
##### #.# #.#.##.# ...
#..(# #.# #......####
#...# ###.# ####..
###.......# #..)#
##.###..... #.#####.#
##### #..........
#.##....# ##..........
#....##.# #........#..
#.#####.# ##.........#


You could see Crazy Yiuf.

Vanquished Creatures
  2 adders (D:2)
  A white imp (D:3)
  2 ribbon worms (D:2)
  A dart slug (D:1)
  4 orcs (D:3)
  8 endoplasms
  A giant cockroach (D:2)
  4 goblins
  8 hobgoblins
  2 jackals (D:1)
  3 kobolds
  5 quokkas
  6 ball pythons
  5 bats
  4 frilled lizards
  3 rats
59 creatures vanquished.

Notes
Turn   | Place    | Note
-------+----------+-------------------------------------------
     0 | D:1      | Griffin23 the Minotaur Fighter began the quest for the Orb.
     0 | D:1      | Reached XP level 1. HP: 19/19 MP: 0/0
   152 | D:1      | Reached XP level 2. HP: 9/27 MP: 1/1
   828 | D:2      | Reached XP level 3. HP: 33/33 MP: 2/2
  1208 | D:2      | Reached XP level 4. HP: 40/40 MP: 3/3
  1900 | D:3      | Found a runed translucent door.
  1901 | D:3      | Noticed Crazy Yiuf
  2252 | D:3      | Slain by Crazy Yiuf

Illustrated notes

Levels and vault maps discovered:
D:1:      tarquinn_simple_flora_water_c, layout_basic
D:2:      layout_loops_ring, minmay_cut_off
D:3:      layout_loops_cross, uniq_crazy_yiuf_cottage

Skill      XL: |  1  2  3  4 |
---------------+-------------+-----
Long Blades    | 3 4 |  4.1
Fighting       | 4 |  4.3
Armour         | 4 |  4.3
Shields        | 4 |  4.3

Action                     |  1- 3 |  4- 6 || total
---------------------------+-------+-------++-------
  Melee: Long sword        |    99 |    48 ||   147
         Headbutt          |    13 |    11 ||    24
  Throw: Boomerang         |    10 |       ||    10
 Armour: Scale mail        |    40 |       ||    40
         Plate armour      |    57 |    31 ||    88
  Dodge: Dodged            |    20 |     5 ||    25
  Block: Buckler           |    22 |     3 ||    25
         Tower shield      |       |    24 ||    24

Table legend: (Time is in decaauts)
 A = Elapsed time spent in this place.
 B = Non-inter-level travel time spent in this place.
 C = Inter-level travel time spent in this place.
 D = Time resting spent in this place.
 E = Time spent auto-exploring this place.
 F = Levels seen in this place.
 G = Mean time per level.
                   A        B        C        D        E       F      G
               +--------+--------+--------+--------+--------+-----+--------+
         Total |   2301 |   2209 |     92 |      0 |   1789 |   3 |  767.0 |
       Dungeon |   2301 |   2209 |     92 |      0 |   1789 |   3 |  767.0 |
               +--------+--------+--------+--------+--------+-----+--------+

Top non-repeatable levels by time:
     D:1: 816 daAuts
     D:2: 768 daAuts
     D:3: 717 daAuts
